Map: Coda EC

Players

AgCl - Winner!

  • Race: Protoss Protoss
  • League: Grandmaster

불곰기동타격대

  • Race: Terran Terran
  • League: Grandmaster

VOD

Have the link to the VOD?

Description

Time

  • Played on: June 13, 2015, 6:19 a.m.
  • Length: 10:49
Show
View Real Time Build Order
Export as new Build Order

AgCl Protoss - Winner!

Build Orders: Oracle Opening 

Get SALT Encoding   

  12  0:01  Probe  
  13  0:17  Probe  
  14  0:23  Pylon  
  14  0:41  Probe  
  15  0:50  Gateway  
  15  0:53  Probe  
  16  1:00  Assimilator  
  16  1:02  Pylon  
  16  1:05  Probe  
  17  1:17  Probe  
  18  1:29  Probe  
  19  1:39  Cybernetics Core  
  19  1:42  Probe  
  20  1:53  Assimilator  
  20  1:54  Probe (Chrono Boost)  
  21  1:57  Zealot  
  23  2:04  Probe (Chrono Boost)  
  24  2:11  Probe (Chrono Boost)  
  26  2:23  Probe (Chrono Boost), Stargate  
  26  2:27  Gateway  
  26  2:29  Adept (Chrono Boost)  
  28  2:31  Probe  
  29  2:47  Pylon  
  29  3:07  Adept (Chrono Boost)  
  31  3:14  Nexus  
  31  3:15  Oracle (Chrono Boost)  
  31  3:16  Warp Gate  
  34  3:25  Mothership Core  
  36  3:46  Probe  
  37  3:58  Gateway  
  37  3:59  Probe  
  37  4:01  Gateway  
  38  4:22  Probe  
  34  4:41  Probe (Chrono Boost)  
  36  4:45  Probe (Chrono Boost)  
  36  4:50  Probe (Chrono Boost)  
  36  4:51  Fleet Beacon  
  38  4:53  Probe (Chrono Boost)  
  38  4:55  Oracle (Chrono Boost)  
  38  4:57  Nexus  
  38  4:58  Probe  
  42  5:04  Probe  
  41  5:10  Probe (Chrono Boost)  
  41  5:11  Pylon  
  40  5:19  Probe (Chrono Boost)  
  41  5:22  Probe (Chrono Boost)  
  41  5:23  Sentry  
  41  5:25  Adept  
  47  5:31  Probe (Chrono Boost)  
  47  5:34  Probe (Chrono Boost)  
  48  5:39  Probe (Chrono Boost)  
  48  5:42  Probe (Chrono Boost)  
  50  5:46  Probe  
  50  5:47  Adept  
  50  5:48  Adept  
  49  5:52  Probe, Carrier (Chrono Boost)  
  49  5:53  Adept x2  
  53  5:58  Probe  
  54  6:12  Probe (Chrono Boost)  
  54  6:17  Probe (Chrono Boost)  
  63  6:20  Assimilator  
  63  6:22  Probe (Chrono Boost)  
  63  6:25  Forge  
  64  6:27  Probe (Chrono Boost)  
  64  6:30  Probe (Chrono Boost)  
  64  6:32  Probe (Chrono Boost)  
  66  6:38  Probe (Chrono Boost)  
  67  6:44  Probe (Chrono Boost)  
  67  6:45  Probe (Chrono Boost)  
  70  6:47  Probe (Chrono Boost)  
  70  6:48  Assimilator  
  68  6:55  Probe (Chrono Boost)  
  68  6:57  Probe (Chrono Boost)  
  68  6:58  Photon Cannon  
  69  7:01  Robotics Facility  
  69  7:03  Pylon  
  69  7:04  Probe (Chrono Boost)  
  69  7:07  Probe (Chrono Boost)  
  71  7:09  Assimilator  
  71  7:15  Photon Cannon  
  73  7:16  Probe (Chrono Boost), Assimilator  
  73  7:17  Probe x2 (Chrono Boost)  
  73  7:21  Pylon  
  72  7:24  Probe x2 (Chrono Boost)  
  72  7:25  Probe (Chrono Boost)  
  75  7:35  Probe  
  75  7:36  Adept x2  
  80  7:37  Probe  
  80  7:41  Photon Cannon, Carrier (Chrono Boost)  
  80  7:44  Pylon  
  81  7:48  Gateway  
  78  7:59  Protoss Air Weapons Level 1 (Chrono Boost)  
  78  8:01  Probe  
  78  8:02  Probe, Stargate  
  80  8:06  Probe  
  80  8:08  Protoss Ground Weapons Level 1 (Chrono Boost)  
  81  8:16  Stargate  
  81  8:27  Observer (Chrono Boost)  
  81  8:29  Probe  
  81  8:31  Graviton Catapult (Chrono Boost)  
  81  8:32  Probe  
  81  8:33  Probe  
  85  8:37  Pylon  
  85  8:42  Observer (Chrono Boost)  
  85  8:44  Probe (Chrono Boost)  
  85  8:46  Probe (Chrono Boost)  
  89  8:50  Pylon  
  89  8:51  Probe (Chrono Boost), Carrier x2 (Chrono Boost)  
  89  8:53  Pylon  
  89  8:54  Probe (Chrono Boost)  
  89  8:55  Pylon  
  90  8:56  Probe (Chrono Boost)  
  90  8:58  Probe (Chrono Boost)  
  90  9:01  Probe  
  88  9:05  Pylon  
  98  9:33  Nexus  
  98  9:34  Carrier (Chrono Boost)  
  98  9:35  Probe  
  98  9:38  Photon Cannon  
  105  9:53  Gateway  
  105  9:55  Assimilator  
  91  10:31  Probe (Chrono Boost)  
  91  10:34  Probe (Chrono Boost)  
  94  10:40  Probe (Chrono Boost)  
Show
View Real Time Build Order
Export as new Build Order

불곰기동타격대 Terran 

Build Orders:  

Get SALT Encoding   

  12  0:02  SCV  
  13  0:14  SCV  
  13  0:18  Supply Depot  
  14  0:26  SCV  
  15  0:30  Supply Depot  
  15  0:44  Barracks  
  15  0:48  SCV  
  16  0:56  Refinery  
  16  1:00  SCV  
  17  1:05  Refinery  
  17  1:12  SCV  
  18  1:31  Orbital Command  
  18  1:32  Marine  
  19  1:39  Bunker  
  19  1:57  SCV  
  20  2:05  Marine  
  21  2:10  SCV  
  22  2:27  Marine  
  23  2:31  Bunker  
  23  2:39  Command Center  
  23  2:45  SCV  
  23  2:48  Barracks Reactor  
  23  2:50  Factory  
  24  2:57  SCV  
  25  3:02  Supply Depot  
  24  3:09  SCV  
  24  3:10  Factory  
  25  3:21  SCV  
  26  3:31  Supply Depot  
  26  3:33  SCV  
  27  3:36  Refinery  
  27  3:41  Widow Mine  
  27  3:45  Supply Depot  
  27  3:46  SCV  
  30  3:49  Marine  
  31  3:58  SCV  
  32  4:07  Supply Depot  
  32  4:09  Widow Mine  
  32  4:10  SCV, Hellion  
  36  4:20  Hellion  
  36  4:22  SCV  
  33  4:31  Hellion  
  34  4:42  Hellion  
  34  4:43  Hellion  
  38  4:53  Hellion  
  40  5:15  Widow Mine  
  40  5:16  Widow Mine  
  40  5:17  Engineering Bay  
  40  5:20  Marine, Orbital Command  
  45  5:30  Widow Mine  
  45  5:32  SCV  
  48  5:44  SCV  
  47  5:54  Hellion x2  
  47  5:56  SCV  
  48  6:00  Hellion  
  44  6:13  SCV  
  49  6:18  Hellion x2  
  49  6:23  Missile Turret  
  49  6:25  SCV  
  50  6:36  Hellion  
  50  6:37  SCV  
  53  6:48  Hellion x2  
  53  6:49  SCV  
  58  6:55  SCV  
  58  6:58  Hellion  
  61  7:01  SCV  
  61  7:02  Armory  
  61  7:08  SCV  
  63  7:09  Hellion  
  63  7:10  Factory Tech Lab  
  63  7:13  SCV  
  66  7:19  Hellion  
  68  7:26  SCV  
  68  7:27  Refinery  
  67  7:33  Siege Tank  
  66  7:38  SCV  
  66  7:39  Hellion  
  66  7:40  Supply Depot  
  66  7:41  Hellion  
  71  7:50  SCV  
  62  8:00  Hellion  
  62  8:02  Hellion  
  62  8:04  Command Center  
  62  8:05  Siege Tank  
  69  8:07  Infernal Pre-Igniter  
  69  8:12  Factory, Terran Vehicle Weapons Level 1  
  69  8:14  Supply Depot  
  69  8:16  SCV x2  
  71  8:21  Hellion  
  73  8:28  SCV  
  76  8:34  Hellion  
  76  8:37  Siege Tank  
  76  8:38  Supply Depot  
  76  8:40  SCV  
  80  8:43  Hellion  
  82  8:52  SCV  
  85  8:56  Hellion  
  85  8:57  Factory  
  85  9:00  Hellbat  
  87  9:09  Siege Tank  
  92  9:10  Hellion  
  92  9:17  Hellion  
  94  9:31  Hellion  
  96  9:38  Hellion  
  96  9:41  Siege Tank  
  96  9:43  Missile Turret  
  96  9:44  Hellion  
  101  9:45  Factory Tech Lab  
  101  9:47  Armory  
  101  9:49  Supply Depot  
  101  9:53  Hellion  
  103  10:03  Hellbat  
  103  10:04  Siege Tank  
  103  10:05  Hellbat  
  103  10:06  Hellion  
  103  10:07  Hellion x4  
  108  10:13  Siege Tank  
  105  10:14  Hellbat  
  99  10:24  Missile Turret  
  99  10:25  Starport  
  97  10:46  Missile Turret  
Tags
 
Add a new tag
Caveats
  • Supply blocks, unpowered buildings, or Contaminate may cause inaccurate times.
  • Supply counts are checked every 10 seconds.